 Dungeon Crawl Stone Soup version 0.30-a0-719-gcc4359ea44 (webtiles) character file.

Game seed: 4653400116868598563

98 jlumianski the Trooper (level 4, -5/35 HPs)
             Began as a Demonspawn Fighter on Jan 26, 2023.
             Succumbed to a hornet's poison
             ... on level 4 of the Dungeon.
             The game lasted 00:09:10 (1962 turns).

jlumianski the Trooper (Demonspawn Fighter)         Turns: 1962, Time: 00:09:11

Health: -5/35      AC: 13    Str: 18    XL:     4   Next: 43%
Magic:  4/4        EV:  6    Int: 10    God:
Gold:   124        SH:  4    Dex: 12    Spells: 3/3 levels left

rFire   . . .      SeeInvis .    a - +0 war axe
rCold   . . .      Faith    .    c - +0 buckler
rNeg    . . .      Spirit   .    q - +0 chain mail
rPois   .          Reflect  .    m - +0 helmet
rElec   .          Harm     .    (no cloak)
rCorr   +          Rampage  .    r - +2 pair of gloves {hurl}
Will    .....                    (no boots) Stlth
                                 (no amulet)
HPRegen 0.25/turn                k - ring of resist corrosion
MPRegen 0.09/turn                (no ring)

@: mighty, lethally poisoned (-5 -> -25), slowed, very slow
A: claws 1, powered by death 1
a: no special abilities


You were on level 4 of the Dungeon.
You visited 1 branch of the dungeon, and saw 4 of its levels.

You collected 142 gold pieces.
You spent 18 gold pieces at shops.

Inventory:

Hand Weapons
 a - a +0 war axe (weapon)
Missiles
 e - 11 stones (quivered)
 h - 2 atropa-tipped darts
Armour
 b - a +0 scale mail
 c - a +0 buckler (worn)
 m - a +0 helmet (worn)
 q - a +0 chain mail (worn)
 r - a +2 pair of gloves of hurling (worn)
Jewellery
 k - a ring of resist corrosion (left hand)
Scrolls
 f - 3 scrolls of identify {unknown}
 g - a scroll of brand weapon {unknown}
 i - a scroll of silence {unknown}
 j - a scroll of torment {unknown}
Potions
 l - a potion of invisibility {unknown}
 n - 2 potions of ambrosia {unknown}
 o - a potion of attraction {unknown}
 p - a potion of flight {unknown}


   Skills:
 + Level 3.5 Fighting
 + Level 2.7 Axes
 + Level 3.1 Armour
 + Level 0.3 Dodging
 + Level 3.4 Shields


You had 3 spell levels left.
You didn't know any spells.
Your spell library contained the following spells:

 Spells                   Type           Power      Damage    Failure   Level
 Tukima's Dance           Hex            0%         N/A       100%        3
 Passage of Golubria      Tloc           0%         N/A       100%        4
 Yara's Violent Unravell  Hex/Tmut       0%         3d3       100%        5


Dungeon Overview and Level Annotations

Branches:
Dungeon (4/15)
 Temple: D:4-7

Altars:

Shops:
D:1 (


Innate Abilities, Weirdness & Mutations

You have sharp fingernails.
You regenerate a little health from kills.


Message History

The hornet buzzes angrily.
You block the orc's attack. The orc hits you but does no damage.
You barely miss the orc.
The orc is severely wounded.
The orc hits you but does no damage.
You closely miss the orc.
The orc is severely wounded.
You block the orc's attack.
You feel very mighty all of a sudden.
The hornet stings you but does no damage.
The orc hits you but does no damage.
The hornet stings you but does no damage.
You slash the hornet!
The hornet is heavily wounded.
You hit the orc.
You kill the orc!
You block the hornet's attack. The hornet barely misses you.
You slash the hornet!
The hornet is severely wounded.
A giant cockroach comes into view.
The hornet stings you.
You are poisoned.
You feel yourself slow down.
You closely miss the hornet.
The hornet is severely wounded.
You feel very sick. The hornet stings you.
You are more poisoned.
You feel as though you will be slow longer.
The hornet stings you but does no damage. x2
The hornet stings you.
You suddenly lose the ability to move!
You feel very sick. The hornet stings you!
* * * LOW HITPOINT WARNING * * *
You are more poisoned.
You feel as though you will be slow longer.
You can move again.
You miss the hornet.
The hornet is severely wounded.
You die...

#.####. .# . .
#.#...#.# .#.#
#...#..#.....
#......#..#
##.........#
##......B?..#
#.......##.....
..#....y)## #.#
#......@##
##.....##
#.#.... . ###..
###


You could see a hornet and a giant cockroach.

Vanquished Creatures
  A gnoll (D:3)
  3 adders
  An orc (D:4)
  4 bats (D:2)
  9 endoplasms
  2 giant cockroaches
  5 goblins
  6 hobgoblins
  9 kobolds
  3 quokkas
  5 ball pythons
  3 frilled lizards (D:1)
  8 rats
59 creatures vanquished.

Notes
Turn   | Place    | Note
-------+----------+-------------------------------------------
     0 | D:1      | jlumianski the Demonspawn Fighter began the quest for the
                  | Orb.
     0 | D:1      | Reached XP level 1. HP: 18/18 MP: 1/1
    90 | D:1      | Gained mutation: You have sharp fingernails. [demonic
                  | ancestry]
    90 | D:1      | Reached XP level 2. HP: 24/24 MP: 2/2
   302 | D:1      | Found a faded altar of an unknown god.
   511 | D:1      | Found Wyaserch's Weapon Shop.
   520 | D:1      | Bought 2 atropa-tipped darts for 18 gold pieces
  1035 | D:2      | Gained mutation: You regenerate a little health from kills.
                  | [demonic ancestry]
  1035 | D:2      | Reached XP level 3. HP: 29/29 MP: 3/3
  1596 | D:2      | Reached XP level 4. HP: 35/35 MP: 4/4
  1953 | D:4      | Noticed a hornet
  1960 | D:4      | Paralysed by a hornet for 3 turns
  1962 | D:4      | Succumbed to a hornet's poison

Illustrated notes

Levels and vault maps discovered:
D:1:      reono_arrival_mine, layout_loops_ring,
          chequers_ecumenical_altar_simple_redux, serial_shops,
          nicolae_shop_waterfront, due_unseen_surprise
D:2:      layout_loops_ring
D:3:      layout_basic, patterned_corridor, uniq_robin
D:4:      layout_layer_cave, mainiacjoe_overflow_24_doors, minmay_surrounded,
          uniq_pikel

Skill      XL: |  1  2 |
---------------+-------+-----
Shields        | 3 |  3.4
Axes           | 2 |  2.7
Armour         | 3 |  3.1
Fighting       | |  3.5
Dodging        | |  0.3

Action                     |  1- 3 |  4- 6 || total
---------------------------+-------+-------++-------
  Melee: War axe           |   135 |    37 ||   172
  Throw: Stone             |     3 |       ||     3
    Use: Potion            |       |     1 ||     1
 Armour: Scale mail        |    63 |    16 ||    79
         Chain mail        |       |    12 ||    12
  Dodge: Dodged            |    77 |    12 ||    89
  Block: Buckler           |    32 |    10 ||    42

Table legend: (Time is in decaauts)
 A = Elapsed time spent in this place.
 B = Non-inter-level travel time spent in this place.
 C = Inter-level travel time spent in this place.
 D = Time resting spent in this place.
 E = Time spent auto-exploring this place.
 F = Levels seen in this place.
 G = Mean time per level.
                   A        B        C        D        E       F      G
               +--------+--------+--------+--------+--------+-----+--------+
         Total |   2039 |   2005 |     34 |    100 |   1077 |   4 |  509.8 |
       Dungeon |   2039 |   2005 |     34 |    100 |   1077 |   4 |  509.8 |
               +--------+--------+--------+--------+--------+-----+--------+

Top non-repeatable levels by time:
     D:1: 950 daAuts
     D:2: 811 daAuts
     D:3: 240 daAuts
     D:4: 37 daAuts
